 Dungeon Crawl Stone Soup version 0.30.0-29-ga12c61a403 (webtiles) character file.

Game seed: 4074493788769778668

256 qw the Chopper (level 6, -2/38 HPs)
             Began as a Gargoyle Fighter on June 4, 2023.
             Engulfed by a steam dragon's steam (6 damage)
             ... on level 4 of the Dungeon.
             The game lasted 00:01:00 (2105 turns).

qw the Chopper (Gargoyle Fighter)                   Turns: 2105, Time: 00:01:01

Health: -2/38      AC: 15    Str: 22    XL:     6   Next: 15%
Magic:  0/6        EV:  8    Int:  8    God:
Gold:   162        SH:  4    Dex:  9    Spells: 5/5 levels left

rFire   . . .        Y - +0 war axe
rCold   . . .        c - +0 buckler
rNeg    + . .        q - +0 chain mail
rPois   inf          (no helmet)
rElec   +            k - +0 cloak
rCorr   .            (no gloves)
SInv    +            p - +0 pair of boots
Will    .....        e - amulet of guardian spirit Stlth
                     h - ring of see invisible
HPRegen 0.26/turn    (no ring)
MPRegen 0.10/turn

%: guardian spirit
@: no status effects
A: sickness immunity, AC +4, negative energy resistance 1, electricity
resistance, torment resistance 1, petrification resistance
a: no special abilities


You were on level 4 of the Dungeon.
You visited 1 branch of the dungeon, and saw 6 of its levels.

You collected 162 gold pieces.


Innate Abilities, Weirdness & Mutations

You are immune to sickness and miasma.
Your stone body is resilient. (AC +4)
You are immune to poison.
You resist negative energy. (rN+)
You are resistant to electric shocks. (rElec)
You are resistant to unholy torment.
You are immune to petrification.


   Skills:
 - Level 4.2 Fighting
 + Level 5.2 Axes
 - Level 3.2 Armour
 - Level 3.2 Shields


You had 5 spell levels left.
You didn't know any spells.
Your spell library was empty.

Inventory:

Hand Weapons
 m - a +0 mace
 Y - a +0 war axe (weapon)
Armour
 c - a +0 buckler (worn)
 k - a +0 cloak (worn)
 p - a +0 pair of boots (worn)
 q - a +0 chain mail (worn)
Jewellery
 e - an amulet of guardian spirit (around neck)
 h - a ring of see invisible (left hand)
 l - a ring of see invisible
Scrolls
 o - a scroll of identify
Potions
 a - a potion of resistance {unknown}
 d - 2 potions of might
 f - a potion of heal wounds {unknown}
 g - a potion of invisibility {unknown}
 j - a potion of ambrosia {unknown}
 n - a potion of berserk rage {unknown}

Dungeon Overview and Level Annotations

Branches:
Dungeon (6/15)
 Temple: D:4-7

Altars:
Yredelemnul


Message History

You kill the orc!
You are engulfed in a cloud of scalding steam.
The steam dragon closely misses you.
The steam dragon claws you but does no damage.
You barely miss the steam dragon.
The steam dragon is lightly wounded.
You barely miss the orc wizard. You barely miss the worm.
You are engulfed in a cloud of scalding steam.
The orc wizard barely misses you.
The steam dragon bites you but does no damage.
The steam dragon claws you but does no damage.
The worm bites you.
You hit the steam dragon but do no damage.
The steam dragon is lightly wounded.
You slash the worm! You closely miss the orc wizard.
The orc wizard is engulfed in a cloud of scalding steam.
The steam dragon barely misses you. The steam dragon claws you.
The steam dragon bites you but does no damage.
The steam dragon completely misses you.
The orc wizard gestures wildly while chanting.
The orc wizard flickers and vanishes for a moment.
You hit the worm but do no damage.
The worm is heavily wounded.
You slash the orc wizard!
You kill the orc wizard!
You hit the steam dragon but do no damage.
The worm bites you!
The steam dragon bites you but does no damage.
You block the steam dragon's attack.
You slash the worm!
You kill the worm!
You slash the orc!
You kill the orc!
You completely miss the steam dragon. The steam dragon breathes steam at you.
The ball of steam hits you!
You hit the steam dragon.
The steam dragon is lightly wounded.
You are engulfed in a cloud of scalding steam.
You die...

####
##..##
##..?~##
#.¤##..#
#~¤D})~#
#¤¤)@)¤#
#..##¤.#
##....##
##..##
.### ?.
##


You could see a steam dragon (catching breath).

Vanquished Creatures
  A centaur (D:6)
  A scorpion (D:5)
  An orc wizard (D:4)
  3 adders
  An ufetubus (D:6)
  4 worms
  3 orcs
  4 ball pythons
  4 endoplasms
  2 giant cockroaches (D:2)
  5 goblins
  2 hobgoblins (D:2)
  4 jackals (D:2)
  4 kobolds
  3 quokkas
  4 bats
  A frilled lizard (D:3)
  6 rats
53 creatures vanquished.

Notes
Turn   | Place    | Note
-------+----------+-------------------------------------------
     0 | D:1      | qw the Gargoyle Fighter began the quest for the Orb.
     0 | D:1      | Reached XP level 1. HP: 14/14 MP: 1/1
     0 | D:1      | 0 ||| qw: Version: 0.2-a-107-g4668610
     0 | D:1      | 0 ||| qw: Game counter: 1188
     0 | D:1      | 0 ||| qw: Always use a shield: true
     0 | D:1      | 0 ||| qw: God list: Okawaru
     0 | D:1      | 0 ||| qw: Allow faded altars: false
     0 | D:1      | 0 ||| qw: Do Orc after D:15 true
     0 | D:1      | 0 ||| qw: Do second Lair branch before Depths: true
     0 | D:1      | 0 ||| qw: Lair rune preference: random
     0 | D:1      | 0 ||| qw: Plans: Normal, Zot:1-4, Slime:5, God:TSO, Crypt,
                  | Tomb, Abyss, Pan, Hells, Win
     0 | D:1      | 0 ||| PLANNING D:1-11
    17 | D:1      | Reached skill level 2 in Axes
   155 | D:1      | Reached XP level 2. HP: 19/19 MP: 2/2
   390 | D:1      | 390 ||| Stepping ~*~*~tactically~*~*~ (stealth).
   394 | D:1      | 394 ||| Stepping ~*~*~tactically~*~*~ (stealth).
   505 | D:1      | 505 ||| DROPPING +0 club.
   629 | D:1      | 629 ||| UPGRADING to ring of see invisible.
   630 | D:1      | 630 ||| READING scroll labelled HOCKYJ REIXAH.
   631 | D:1      | 631 ||| READING scroll labelled OTOTUMP RANI.
   638 | D:1      | 638 ||| READING scroll labelled MIPSEDDEIW.
   652 | D:1      | 652 ||| READING scroll labelled ERUAD ECRAUHA.
   843 | D:2      | Reached skill level 3 in Axes
   846 | D:2      | Reached XP level 3. HP: 20/23 MP: 3/3
   887 | D:2      | Identified the +4 trident of Linearity {pain, *Rage +Blink
                  | rPois Stlth+}
   945 | D:2      | Found a basalt altar of Yredelemnul.
  1523 | D:2      | 1523 ||| UPGRADING to +0 cloak.
  1528 | D:2      | 1528 ||| UPGRADING to +0 pair of boots.
  1533 | D:2      | 1533 ||| READING 2 scrolls labelled TEATHE TEIMM.
  1534 | D:2      | 1534 ||| DROPPING scroll of butterflies.
  1555 | D:3      | 1555 ||| PLANNING SEWER
  1562 | D:3      | 1562 ||| STAIRDANCE
  1567 | D:2      | Reached XP level 4. HP: 27/28 MP: 4/4
  1662 | D:3      | Found a faded altar of an unknown god.
  1705 | D:3      | You fall into a shaft and drop 3 floors!
  1722 | D:6      | Reached skill level 4 in Axes
  1760 | D:6      | Noticed a centaur
  1761 | D:6      | 1761 ||| Stepping ~*~*~tactically~*~*~ (hiding).
  1765 | D:6      | Killed a centaur
  1766 | D:6      | Reached XP level 5. HP: 32/32 MP: 5/5
  1874 | D:6      | 1874 ||| UPGRADING to +0 chain mail.
  1884 | D:6      | 1884 ||| DROPPING +0 scale mail.
  1885 | D:6      | 1885 ||| UPGRADING to amulet of guardian spirit.
  1890 | D:6      | 1890 ||| DRINKING 2 sedimented ruby potions.
  1891 | D:6      | 1891 ||| DROPPING potion of flight.
  1900 | D:5      | Entered Level 5 of the Dungeon
  1960 | D:5      | 1960 ||| Stepping ~*~*~tactically~*~*~ (stealth).
  1978 | D:5      | Reached skill level 5 in Axes
  2038 | D:5      | Reached XP level 6. HP: 38/38 MP: 6/6
  2090 | D:5      | 2090 ||| FLEEEEING.
  2091 | D:5      | 2091 ||| FLEEEEING.
  2092 | D:5      | 2092 ||| FLEEEEING.
  2093 | D:5      | 2093 ||| STAIRDANCE
  2094 | D:4      | Noticed a steam dragon
  2104 | D:4      | HP: 4/38 [steam dragon/ball of steam (8)]
  2105 | D:4      | Engulfed by a steam dragon's steam

Levels and vault maps discovered:
D:1:      lightli_molten_gateway, layout_loops_cross, chequers_jeans
D:2:      layout_basic, basic_altar, chequers_serial_rivers_room_a,
          minmay_fractal_squares_gapless_5
D:3:      layout_basic, ebering_ecumenical_altar_abandoned,
          portal_sewer_entry_f, palyth_stone_intersect, guppyfry_early_lair_pool
D:4:      layout_loops_ring, mainiacjoe_overflow_six_doors_small,
          nzn_random_ring
D:5:      layout_loops_ring, serial_co_window_serial, co_window_corner_a,
          co_window_corner_a, co_window_paths_a, co_window_corner_a,
          co_window_corner_a, co_window_corner_b, co_window_broadway_b,
          co_window_unsneaky_path_d, co_window_2corner, co_window_broadway_b,
          co_window_corner_b, co_window_4corner_b, glass_columns_b,
          glass_columns_b, glass_columns_a, uniq_ijyb
D:6:      layout_basic, nemelex_dance_club_becter,
          grunt_temple_overflow_cloverleaf, minmay_three_doors

Skill      XL: |  1  2  3  4  5 |
---------------+----------------+-----
Axes           | 2 3 4 5 |  5.2
Fighting       | 4 |  4.2
Armour         | |  3.2
Shields        | |  3.2

Action                     |  1- 3 |  4- 6 || total
---------------------------+-------+-------++-------
  Melee: War axe           |   103 |    65 ||   168
    Use: Scroll            |     5 |       ||     5
         Potion            |       |     1 ||     1
 Armour: Scale mail        |    41 |    20 ||    61
         Chain mail        |       |    38 ||    38
  Dodge: Dodged            |    61 |    28 ||    89
  Block: Buckler           |    26 |    15 ||    41

Table legend:
 A = Non-vault XP
 B = Vault XP
 C = Vault XP percentage of total XP
 D = Non-vault monster count
 E = Vault monster count
 F = Vault count percentage of total count
                 A         B        C        D         E       F
            +---------+---------+-------+---------+---------+-------
      Total |     323 |      43 |  11.7 |      45 |       8 |  15.1
            +---------+---------+-------+---------+---------+-------
        D:1 |      23 |       0 |   0.0 |      13 |       0 |   0.0
        D:2 |      53 |       9 |  14.5 |      20 |       3 |  13.0
        D:3 |       7 |       0 |   0.0 |       5 |       0 |   0.0
        D:4 |       0 |      34 | 100.0 |       0 |       5 | 100.0
        D:5 |     114 |       0 |   0.0 |       5 |       0 |   0.0
        D:6 |     126 |       0 |   0.0 |       2 |       0 |   0.0
            +---------+---------+-------+---------+---------+-------
